 Dungeon Crawl Stone Soup version 0.29-a0-772-ga24da20 (webtiles) character file.

Game seed: 9356447109873981027

18 PurpleRed the Sneak (level 2, 0/17 HPs)
             Began as a Deep Elf Brigand on July 2, 2022.
             Killed from afar by a dart slug (3 damage)
             ... with a slug dart
             ... on level 2 of the Dungeon.
             The game lasted 00:02:20 (320 turns).

PurpleRed the Sneak (Deep Elf Brigand)               Turns: 320, Time: 00:02:20

Health: 0/17       AC:  3    Str:  8    XL:     2   Next: 48%
Magic:  7/7        EV: 12    Int: 15    God:
Gold:   14         SH:  0    Dex: 16    Spells: 5/5 levels left

rFire   . . .      SeeInvis .   a - +2 dagger
rCold   . . .      Faith    .   (no shield)
rNeg    . . .      Spirit   .   b - +0 robe
rPois   .          Reflect  .   (no helmet)
rElec   .          Harm     .   c - +0 cloak
rCorr   .          Rampage  .   (no gloves)
Will    .....                   (no boots)
Stlth   +++.......              (no amulet)
HPRegen 0.05/turn               (no ring)
MPRegen 0.10/turn               (no ring)

@: weak-willed
A: no striking features
a: no special abilities


You were on level 2 of the Dungeon.
You visited 1 branch of the dungeon, and saw 2 of its levels.

You collected 14 gold pieces.

Inventory:

Hand Weapons
 a - a +2 dagger (weapon)
 h - a +0 sling
Missiles
 d - 9 poisoned darts (quivered)
 e - 3 curare-tipped darts
Armour
 b - a +0 robe (worn)
 c - a +0 cloak (worn)
Scrolls
 j - a scroll of poison {unknown}


   Skills:
 + Level 2.1 Fighting
 - Level 2.0 Short Blades
 - Level 2.0 Throwing
 - Level 1.2 Dodging
 - Level 4.8 Stealth
 + Level 2.0 Spellcasting


You had 5 spell levels left.
You didn't know any spells.
Your spell library was empty.

Dungeon Overview and Level Annotations

Branches:
Dungeon (2/15)

Altars:


Message History

The dart slug launches a dart at you. The slug dart hits you.
There is a stone staircase leading up here.
A goblin and a kobold come into view.
The kobold is wielding a +2 dagger of protection.
Found 12 gold pieces and a dagger.
The goblin shouts!
The kobold shouts!
The goblin shouts!
A bat comes into view.
A giant cockroach comes into view.
The dart slug launches a dart at you. The slug dart hits you.
* * * LOW HITPOINT WARNING * * *
A worm comes into view.
The goblin barely misses you. The dart slug launches a dart at you.
The slug dart misses you. The goblin hits you but does no damage.
Found a leather armour.
Found a ring mail.
You aren't carrying any potions.
As you read the scroll labelled TAXOHO AMEOTTA, it crumbles to dust.
It is a scroll of amnesia.
You feel forgetful for a moment. The bat hits you but does no damage.
The bat closely misses you.
As you read the scroll labelled QIEHUP VUAK, it crumbles to dust.
Magic quickly surges around you.
It was a scroll of vulnerability.
The bat closely misses you.
As you read the scroll labelled BUSUEPO GILY, it crumbles to dust.
You assume a fearsome visage.
The kobold looks frightened!
The quokka looks frightened!
The bat looks frightened!
The goblin looks frightened! x2; It was a scroll of fear.
Cornered, the bat turns to fight!
The bat hits you but does no damage.
You hit the bat but do no damage. The bat closely misses you. The bat hits you.
* * * LOW HITPOINT WARNING * * *
You hit the bat.
The bat is moderately wounded.
The bat completely misses you. The bat misses you.
The goblin wails, "Help!"
The dart slug launches a dart at you. The slug dart hits you.
You die...

#.. ### #[. #..
###.. #.. ....
.. ...
####..##.# ...
.[....#..# .)..
#...@# ..<..
.....#.####.....
.## #.##.......
#wb........
##g........
######..........
.....K.g..r.....
......#.<.K.....
...g..#g......$.


You could see a dart slug.

Vanquished Creatures
  An endoplasm (D:1)
  A giant cockroach (D:1)
  3 goblins
  A hobgoblin (D:1)
  2 kobolds (D:1)
  A quokka (D:1)
  4 ball pythons (D:1)
  2 bats (D:1)
  A frilled lizard (D:1)
  A rat (D:1)
17 creatures vanquished.

Notes
Turn   | Place    | Note
-------+----------+-------------------------------------------
     0 | D:1      | PurpleRed the Deep Elf Brigand began the quest for the Orb.
     0 | D:1      | Reached XP level 1. HP: 12/12 MP: 3/3
   126 | D:1      | Reached skill level 1 in Spellcasting
   201 | D:1      | Reached XP level 2. HP: 17/17 MP: 4/6
   320 | D:2      | Killed from afar by a dart slug

Illustrated notes

Levels and vault maps discovered:
D:1:      minmay_arrival_widening_spiral_wide, layout_basic
D:2:      layout_rooms, ebering_ecumenical_altar_box

Skill      XL: |  1  2 |
---------------+-------+-----
Spellcasting   | 1 2 |  2.0
Fighting       | 2 |  2.1
Short Blades   | |  2.0
Throwing       | |  2.0
Dodging        | |  1.2
Stealth        | |  4.8

Action                   || total
-------------------------++-------
Melee: Dagger            ||    45
       Punch             ||     1
 Fire: Sling             ||    11
  Use: Scroll            ||     3
 Stab: Sleeping          ||     4
Armor: Robe              ||     9
Dodge: Dodged            ||    29

Table legend: (Time is in decaauts)
 A = Elapsed time spent in this place.
 B = Non-inter-level travel time spent in this place.
 C = Inter-level travel time spent in this place.
 D = Time resting spent in this place.
 E = Time spent auto-exploring this place.
 F = Levels seen in this place.
 G = Mean time per level.
                   A        B        C        D        E       F      G
               +--------+--------+--------+--------+--------+-----+--------+
         Total |    318 |    318 |      0 |      0 |      0 |   2 |  159.0 |
       Dungeon |    318 |    318 |      0 |      0 |      0 |   2 |  159.0 |
               +--------+--------+--------+--------+--------+-----+--------+

Top non-repeatable levels by time:
     D:1: 269 daAuts
     D:2: 49 daAuts
